 Dungeon Crawl Stone Soup version 0.24-b1-30-g840c9efd86 (webtiles) character file.

Game seed: 10750554201019554752, levelgen mode: deterministic

424 Lordbubyan the Magician (level 6, -3/41 HPs)
             Began as a Mummy Wizard on Oct 23, 2019.
             Killed by divine providence
             ... invoked by an orc priest
              (9 damage)
             ... on level 4 of the Dungeon.
             The game lasted 00:47:05 (7921 turns).

Lordbubyan the Magician (Mummy Wizard)              Turns: 7921, Time: 00:47:06

Health: -3/41      AC:  5    Str: 10    XL:     6   Next: 64%
Magic:  10/25      EV: 12    Int: 20    God:
Gold:   267        SH:  0    Dex: 10    Spells: 14/20 levels left

rFire    . . .     SeeInvis +   j - +1 whip (freeze)
rCold    + . .     Gourm    .   (no shield)
rNeg     + + +     Faith    .   p - +1 robe {rF+}
rPois    ∞         Spirit   .   b - +2 hat
rElec    .         Reflect  .   (no cloak)
rCorr    .         Harm     .   (no gloves)
MR       .....                  (no boots)
Stlth    ++........             (no amulet)
HPRegen  0.13/turn              l - ring of see invisible
MPRegen  0.19/turn              r - ring of magical power

@: very slightly contaminated
A: no food or potions, fire vulnerability, cold resistance 1, negative energy
resistance 3, torment resistance, unbreathing
a: no special abilities


You were on level 4 of the Dungeon.
You were not hungry.

You visited 1 branch of the dungeon, and saw 5 of its levels.

You collected 267 gold pieces.

Inventory:

Hand Weapons
 j - a +1 whip of freezing (weapon)
Armour
 b - a +2 hat (worn)
 p - a +1 robe of fire resistance (worn)
Jewellery
 l - a ring of see invisible (left hand)
 o - an uncursed ring of ice
 r - a ring of magical power (right hand)
Scrolls
 a - 2 scrolls of remove curse {unknown}
 d - 3 scrolls of identify {unknown}
 e - a scroll of magic mapping {unknown}
 f - 4 scrolls of enchant armour {unknown}
 h - 2 scrolls of teleportation {unknown}
 i - 2 scrolls of fog {unknown}
 k - a scroll of amnesia {unknown}
 m - a scroll of immolation {unknown}


   Skills:
 - Level 0.1 Maces & Flails
 - Level 1.5 Dodging
 - Level 1.5 Stealth
 + Level 7.6 Spellcasting
 + Level 1.5 Conjurations
 + Level 3.2 Summonings
   Level 0.7 Translocations


You had 14 spell levels left.
You knew the following spells:

 Your Spells              Type           Power        Failure   Level  Hunger
a - Magic Dart            Conj           ##..         4%          1    N/A
b - Call Imp              Summ           ###.....     3%          2    N/A
c - Mephitic Cloud        Conj/Pois/Air  #.......     22%         3    N/A

Your spell library contained the following spells:

 Spells                   Type           Power        Failure   Level  Hunger
 Blink                    Tloc           N/A          10%         2    N/A
 Slow                     Hex            #.......     14%         2    N/A
 Conjure Flame            Conj/Fire      ##......     19%         3    N/A

Dungeon Overview and Level Annotations

Branches:
Dungeon (5/15)
 Temple: D:4-7

Altars:
Fedhas
Gozag
Nemelex Xobeh
Okawaru
Qazlal


Innate Abilities, Weirdness & Mutations

You do not eat or drink.
Your flesh is vulnerable to fire.
You are immune to poison.
Your flesh is cold resistant. (rC+)
You are immune to negative energy. (rN+++)
You are immune to unholy pain and torment.
You can survive without breathing.


Message History

Casting: Call Imp (safe; 3% risk of failure)
Confirm with . or Enter, or press ? or * to list all spells.
Aiming: Magic Dart (safe; 4% risk of failure)
Press: ? - help, Shift-Dir - straight line, f - orc priest
Aim: an orc priest, wielding a +0 flail and wearing a +0 scale mail You miscast Magic Dart.
Nothing appears to happen.
The orc priest hits you with a +0 flail!
* * * LOW HITPOINT WARNING * * *
Your crimson imp barely misses the orc priest.
The orc barely misses your white imp.
Your white imp gestures at the orc wizard.
The puff of frost hits the orc wizard.
Your crimson imp barely misses the orc priest.
You climb upwards.
Your summoned ally is left behind.
There is a stone staircase leading down here.
Unknown command.
The orc priest casts a cantrip, but nothing happens.
The orc priest calls down the wrath of Beogh upon you.
Beogh smites you!
You die...

...## #...### #..... ....####
#.....# #.....
.......#######.##.# #.....
...###..##.....##.# ###..... ####
##..!.....##.## #.......
###.......##..### #.#####.
#.........#.....# ##.# ##.
###.#.............####[.# #.. #
##...#.......#@.........#####.#
###...#.......(#.....##....#....#
.##<....#.######o....#..##...####
.##.......# ####.....#.###..(...#
...###.######..........# ##.###..
##.....# #.>##......## #.# ###
##..#### ###.###).....# #.# .##.#
#.....[......# ##.# .##.#
#.##.#######.####..#


You could see an orc priest.

Vanquished Creatures
  An orc wizard (D:5)
  An adder (D:3)
  A dart slug (D:1)
  3 orcs (D:3)
  7 bats
  3 giant cockroaches (D:3)
  9 hobgoblins
  2 jackals
  A ball python (D:1)
  3 frilled lizards (D:3)
  10 goblins
  6 kobolds (D:1)
  8 rats
55 creatures vanquished.

Vanquished Creatures (collateral kills)
  Sigmund (D:2)
  An ogre (D:5)
  3 orc priests
  2 hounds (D:4)
  A bullfrog zombie (D:3)
  An orc wizard (D:2)
  A worker ant zombie (D:5)
  Robin (D:2)
  2 gnolls (D:5)
  3 adders
  An ooze (D:2)
  3 worms
  A dart slug (D:3)
  16 orcs
  A bat (D:2)
  2 giant cockroaches
  4 goblins
  4 hobgoblins
  8 jackals
  A kobold (D:2)
  A quokka (D:2)
  A ball python (D:2)
59 creatures vanquished.

Grand Total: 114 creatures vanquished

Notes
Turn   | Place    | Note
-------+----------+-------------------------------------------
     0 | D:1      | Lordbubyan the Mummy Wizard began the quest for the Orb.
     0 | D:1      | Reached XP level 1. HP: 13/13 MP: 5/5
   464 | D:1      | Reached XP level 2. HP: 19/19 MP: 0/7
   991 | D:1      | Learned a level 2 spell: Call Imp
   995 | D:1      | Reached skill level 5 in Spellcasting
  1486 | D:1      | Reached skill level 1 in Conjurations
  1885 | D:2      | Reached XP level 3. HP: 24/24 MP: 2/9
  2155 | D:2      | Found a stormy altar of Qazlal.
  2156 | D:2      | Found a blossoming altar of Fedhas.
  2548 | D:2      | Reached skill level 1 in Summonings
  2695 | D:2      | Reached XP level 4. HP: 30/30 MP: 4/11
  3039 | D:2      | Noticed Robin
  3049 | D:2      | Killed Robin
  3049 | D:2      | Noticed Sigmund
  4237 | D:2      | Killed Sigmund
  4237 | D:2      | Reached skill level 6 in Spellcasting
  4237 | D:2      | Reached XP level 5. HP: 35/35 MP: 1/13
  4783 | D:3      | Found a sparkling altar of Nemelex Xobeh.
  4783 | D:3      | Found an opulent altar of Gozag.
  6165 | D:3      | Found an iron altar of Okawaru.
  6439 | D:4      | Reached XP level 6. HP: 41/41 MP: 15/15
  6452 | D:4      | Reached skill level 7 in Spellcasting
  6944 | D:4      | Learned a level 3 spell: Mephitic Cloud
  6947 | D:5      | Entered Level 5 of the Dungeon
  7921 | D:4      | Killed from afar by an orc priest

Skill      XL: |  1  2  3  4  5  6 |
---------------+-------------------+-----
Spellcasting   | 5 6 7 |  7.6
Conjurations   | 1 |  1.5
Summonings     | 1 2 3 |  3.2
Maces & Flails | |  0.1
Dodging        | |  1.5
Stealth        | |  1.5
Translocations | |  0.7

Action                   |  1- 3 |  4- 6 || total
-------------------------+-------+-------++-------
Melee: Whip              |       |     7 ||     7
 Cast: Magic Dart        |    82 |    93 ||   175
       Call Imp          |    26 |   113 ||   139
       Mephitic Cloud    |       |     1 ||     1
  Use: Scroll            |       |     2 ||     2
Armor: Robe              |     3 |    23 ||    26
Dodge: Dodged            |    25 |    72 ||    97
